 Dungeon Crawl Stone Soup version 0.20.0-8-g6b59dc7 (webtiles) character file.

6960 Chaositek the Destroyer (level 11, 0/50 HPs)
             Began as a Gargoyle Venom Mage on May 31, 2017.
             Was a Follower of Hepliaklqana.
             Slain by a warg (8 damage)
             ... on level 8 of the Dungeon.
             The game lasted 00:58:12 (11347 turns).

Chaositek the Destroyer (Gargoyle Venom Mage)      Turns: 11347, Time: 00:58:12

Health: 0/50       AC: 12    Str: 12      XL:     11   Next: 7%
Magic:  3/21       EV: 14    Int: 19      God:    Hepliaklqana [*.....]
Gold:   483        SH:  0    Dex:  9 (10) Spells: 15/24 levels left

rFire    . . .     SeeInvis .     - Unarmed
rCold    . . .     Gourm    +   (no shield)
rNeg     + . .     Faith    .   a - +0 robe
rPois    ∞         Spirit   .   s - +2 helmet
rElec    +         Reflect  .   (no cloak)
rCorr    .         Harm     .   (no gloves)
MR       .....                  (no boots)
Stlth    +++.......             f - amulet of the gourmand
Regen    0.2/turn               (no ring)
MPRegen  0.2/turn               (no ring)

@: very slightly contaminated
A: reduced essence, negative energy resistance 1, electricity resistance,
unbreathing, petrification resistance, rot immunity, AC +7
a: Recall Ancestor, Ancestor Identity, Renounce Religion


You were on level 8 of the Dungeon.
You worshipped Hepliaklqana.
Hepliaklqana was aware of your devotion.
You were full.

You visited 2 branches of the dungeon, and saw 9 of its levels.

You collected 483 gold pieces.

Inventory:

Armour
 a - a +0 robe (worn)
 s - a +2 helmet (worn)
 A - a +0 pair of gloves
Jewellery
 d - an uncursed amulet of harm
 e - a cursed ring of loudness
 f - an amulet of the gourmand (around neck)
 j - a +3 ring of dexterity {unknown}
Wands
 z - a wand of paralysis (21/24)
 C - a wand of flame (22/48)
Scrolls
 h - 2 scrolls of recharging
 i - 4 scrolls of identify
 k - a scroll of random uselessness
 m - a scroll of noise
 p - 5 scrolls of remove curse
 B - a scroll of magic mapping {unknown}
Potions
 D - 2 potions of degeneration
Books
 b - a Young Poisoner's Handbook

   Spells                             Type                      Level
   a - Sting                          Conjuration/Poison           1
   b - Poisonous Vapours              Poison/Air                   2
   c - Mephitic Cloud                 Conjuration/Poison/Air       3
   d - Olgreb's Toxic Radiance        Poison                       4
   e - Venom Bolt                     Conjuration/Poison           5
 n - a book of Air

   Spells                             Type                      Level
   a - Shock                          Conjuration/Air              1
   b - Swiftness                      Charms/Air                   2
   c - Static Discharge               Conjuration/Air              3
   d - Airstrike                      Air                          4
   e - Lightning Bolt                 Conjuration/Air              5
Comestibles
 g - 4 royal jellies
 l - a meat ration
 v - 27 fruits


   Skills:
 - Level 1.4 Fighting
 + Level 5.5 Dodging
 + Level 7.6 Stealth
 - Level 2.4 Unarmed Combat
 + Level 7.1 Spellcasting
 * Level 9.8 Conjurations
 + Level 4.4 Air Magic
 - Level 5.6 Poison Magic


You had 15 spell levels left.
You knew the following spells:

 Your Spells              Type           Power        Failure   Level  Hunger
a - Sting                 Conj/Pois      ####         1%          1    None
b - Mephitic Cloud        Conj/Pois/Air  ####....     1%          3    #......
c - Shock                 Conj/Air       ####         1%          1    None
d - Airstrike             Air            ###.......   16%         4    ###....


Dungeon Overview and Level Annotations

Branches:
Dungeon (8/15)             Temple (1/1) D:4
   Lair: D:8-11

Altars:
Ashenzari
Cheibriados
Dithmenos
Elyvilon
Fedhas
Gozag
Hepliaklqana
Makhleb
Nemelex Xobeh
Okawaru
Qazlal
Ru
Uskayaw
Vehumet
Xom
Yredelemnul
Zin
The Shining One

Shops:
D:6 }


Innate Abilities, Weirdness & Mutations

You are resistant to torment.
Your stone body is resilient. (AC +7)
You are immune to poison.
You resist negative energy. (rN+)
You are resistant to electric shocks. (rElec)
You can survive without breathing.
You are immune to petrification.
You are immune to rotting.
Your life essence is reduced. (-10% HP)


Message History

The orc priest mumbles some strange prayers to Beogh against you.
Pain shoots through your body!
* * * LOW HITPOINT WARNING * * *
SedStubbie hits the orc priest!
The orc priest dies!
You hear a splash. x2
Items here: $ )))) [[[ ÷÷
There is a huge open gate here.
Items here: $ )))) [[[ ÷÷ The warg barely misses you.
Things that are here:
a club; an orc skeleton The warg bites SedStubbie!
SedStubbie barely misses the warg.
SedStubbie hits the warg.
The warg misses you.
Okay, then.
As you read the scroll labeled QEF OXEEXTEARU, it crumbles to dust.
The creatures around you are filled with an inner flame!
It was a scroll of immolation.
The warg bites you!
You die...

.. ..#.#.###.#.#.....##
######.#.....#.#.....#
.......#..##....(....#
#########.######(###.######
........[..))))))........([
≈≈≈≈≈≈≈..).≈≈≈)≈≈≈)≈≈[≈≈≈≈≈
≈≈≈≈≈≈≈....≈≈≈≈≈≈≈≈≈≈≈≈≈≈≈≈
≈≈≈≈≈≈≈...o≈≈≈≈h≈≈≈≈≈≈≈###
..(....).)..hR.h@......#
#######['''#############
......#....# ......#).[.#..
.o.o..'....).....
#################


You could see the friendly SedStubbie the ancestor (inner flame), 3 wargs and an
orc warrior (inner flame).

Vanquished Creatures
  An orc warlord (D:8)
  Pikel (D:7)
  The ghost of Gottschkopf the Firebug, a novice DEFE of Vehumet (D:6)
  A hippogriff (D:8)
  Menkaure (D:7)
  4 wargs
  A slave (D:7)
  8 orc warriors (D:8)
  A sky beast (D:6)
  3 phantoms
  A black bear (D:6)
  2 ogres
  2 bullfrogs
  A scorpion (D:6)
  6 killer bees
  3 howler monkeys
  A crimson imp (D:7)
  A bullfrog zombie (D:6)
  3 hounds
  An iguana (D:5)
  Terence (D:2)
  An ancestor (D:8)
  4 orc wizards
  Ijyb (D:5)
  6 worker ants
  A hound skeleton (D:5)
  10 adders
  2 worms
  2 dart slugs
  A leopard gecko (D:4)
  42 orcs
  4 bats
  A giant cockroach (D:1)
  3 goblins
  6 hobgoblins
  2 jackals (D:5)
  A quokka (D:3)
  3 ball pythons
  6 frilled lizards
  6 kobolds
  9 rats
155 creatures vanquished.

Vanquished Creatures (collateral kills)
  A wyvern (D:8)
  A hungry ghost (D:8)
  3 wargs (D:8)
  A sky beast (D:7)
  An ice beast (D:6)
  A phantom (D:5)
  A centaur (D:7)
  A big kobold (D:8)
  A scorpion (D:6)
  2 killer bees (D:7)
  A howler monkey (D:8)
  8 crimson imps
  A quasit (D:6)
  2 orc priests (D:8)
  A bullfrog skeleton (D:5)
  2 worker ants (D:7)
  3 shadow imps
  An adder zombie (D:5)
  6 orcs
  A giant cockroach (D:5)
  A jackal (D:5)
  A jackal skeleton (D:5)
41 creatures vanquished.

Vanquished Creatures (others)
  2 slaves (D:7)
  A scorpion (D:7)
  A howler monkey (D:7)
  A worker ant (D:7)
  9 ancestors
14 creatures vanquished.

Grand Total: 210 creatures vanquished

Notes
Turn   | Place    | Note
-------+----------+-------------------------------------------
     0 | D:1      | Chaositek the Gargoyle Venom Mage began the quest for the Orb.
     0 | D:1      | Reached XP level 1. HP: 10/10 MP: 3/3
   543 | D:1      | Reached XP level 2. HP: 15/15 MP: 1/5
   835 | D:2      | Found a white marble altar of Elyvilon.
  1167 | D:2      | Reached XP level 3. HP: 18/19 MP: 3/6
  1733 | D:2      | Learned a level 3 spell: Mephitic Cloud
  1768 | D:2      | Noticed Terence
  1781 | D:2      | Killed Terence
  1781 | D:2      | Reached skill level 2 in Conjurations
  1781 | D:2      | Reached XP level 4. HP: 24/24 MP: 0/8
  2376 | D:3      | Noticed an ogre
  2451 | D:3      | Killed an ogre
  2451 | D:3      | Reached XP level 5. HP: 5/28 MP: 2/10
  3032 | D:3      | Found a basalt altar of Yredelemnul.
  3034 | D:3      | Noticed a profane servitor
  3217 | D:3      | Found a shimmering altar of Xom.
  3376 | D:3      | Found a glowing golden altar of the Shining One.
  3378 | D:3      | Noticed an angel
  3674 | D:4      | Reached skill level 1 in Fighting
  3674 | D:4      | Reached skill level 1 in Unarmed Combat
  3674 | D:4      | Reached XP level 6. HP: 16/34 MP: 0/11
  3823 | D:4      | Reached skill level 3 in Conjurations
  4092 | D:4      | Found a staircase to the Ecumenical Temple.
  4108 | Temple   | Entered the Ecumenical Temple
  4381 | Temple   | Became a worshipper of Hepliaklqana the Forgotten
  4417 | D:4      | Noticed a phantom
  4454 | D:5      | Entered Level 5 of the Dungeon
  4454 | D:5      | Found an iron altar of Okawaru.
  4513 | D:5      | Found a sacrificial altar of Ru.
  4680 | D:5      | Reached XP level 7. HP: 30/34 MP: 6/13
  4806 | D:5      | Noticed Ijyb
  4809 | D:5      | Paralysed by Ijyb for 6 turns
  4818 | D:5      | Paralysed by Ijyb for 4 turns
  4823 | D:5      | Killed Ijyb
  5180 | D:6      | Noticed Gottschkopf's ghost (novice DEFE)
  5671 | D:5      | Learned a level 1 spell: Shock
  5717 | D:6      | Reached skill level 4 in Conjurations
  5717 | D:6      | Reached XP level 8. HP: 34/38 MP: 1/15
  5969 | D:6      | Reached skill level 5 in Poison Magic
  6139 | D:6      | Reached skill level 5 in Spellcasting
  6139 | D:6      | Reached skill level 1 in Air Magic
  6293 | D:6      | Reached skill level 5 in Conjurations
  6611 | D:6      | Reached * piety under Hepliaklqana
  6922 | D:6      | Killed Gottschkopf's ghost
  6922 | D:6      | Reached skill level 5 in Stealth
  6922 | D:6      | Reached skill level 6 in Conjurations
  6922 | D:6      | Reached XP level 9. HP: 39/42 MP: 11/17
  7003 | D:6      | Learned a level 4 spell: Airstrike
  7040 | D:6      | Found Opleicw's Gadget Shop.
  7311 | D:7      | Found a hide-covered altar of Uskayaw.
  7312 | D:7      | Found a shattered altar of Ashenzari.
  7350 | D:7      | Noticed Pikel
  7354 | D:7      | Noticed Menkaure
  7360 | D:7      | Killed Pikel
  7371 | D:7      | Killed Menkaure
  7611 | D:7      | Reached skill level 7 in Conjurations
  7922 | D:7      | Found a shimmering altar of Xom.
  7923 | D:7      | Found a burning altar of Makhleb.
  8328 | D:8      | Reached XP level 10. HP: 41/46 MP: 16/19
  8562 | D:8      | Reached skill level 8 in Conjurations
  9686 | D:8      | Noticed an orc warlord
 10497 | D:8      | Killed an orc warlord
 10497 | D:8      | Reached skill level 5 in Dodging
 10497 | D:8      | Reached skill level 9 in Conjurations
 10715 | D:8      | Reached XP level 11. HP: 16/50 MP: 2/21
 11347 | D:8      | Slain by a warg

Skill      XL: |  1  2  3  4  5  6  7  8  9 10 |
---------------+-------------------------------+-----
Conjurations   | 2 3 4 6 7 9 |  9.8
Spellcasting   | 3 4 5 6 7 |  7.1
Poison Magic   | 4 5 |  5.6
Dodging        | 2 3 4 5 |  5.5
Fighting       | 1 |  1.4
Unarmed Combat | 1 2 |  2.4
Stealth        | 3 5 6 7 |  7.6
Air Magic      | 2 3 4 |  4.4

Action                   |  1- 3 |  4- 6 |  7- 9 | 10-12 || total
-------------------------+-------+-------+-------+-------++-------
Melee: Unarmed           |    36 |    93 |   118 |    71 ||   318
       Punch             |       |       |     1 |     1 ||     2
 Cast: Sting             |    66 |   130 |   167 |   100 ||   463
       Shock             |       |       |    63 |    40 ||   103
       Mephitic Cloud    |       |       |     1 |    10 ||    11
       Airstrike         |       |       |       |    28 ||    28
Invok: Ancestor Identity |       |     1 |     1 |       ||     2
       Recall Ancestor   |       |       |       |     1 ||     1
Evoke: Wand              |       |       |       |     1 ||     1
  Use: Scroll            |       |       |    12 |     2 ||    14
       Potion            |       |       |       |    12 ||    12
 Stab: Sleeping          |       |     2 |     1 |     2 ||     5
       Distracted        |       |       |     3 |       ||     3
  Eat: Chunk             |     4 |     4 |    18 |    18 ||    44
       Bread ration      |       |     1 |       |       ||     1
       Royal jelly       |       |       |     1 |     1 ||     2
       Fruit             |       |       |     1 |       ||     1
Armor: Robe              |    29 |    73 |   117 |    37 ||   256
Dodge: Dodged            |    26 |    88 |   129 |    80 ||   323
